Map: Ley Lines

Players

llllllllllll - Winner!

  • Race: Terran Terran
  • League: Silver
  • Spawn Location: 7:00

LuVsic

  • Race: Terran Terran
  • League: Silver
  • Spawn Location: 1:00

VOD

Have the link to the VOD?

Description

Time

  • Played on: April 24, 2025, 9:31 a.m.
  • Length: 2:38
Show
View Real Time Build Order
Export as new Build Order

llllllllllll Terran - Winner!

Build Orders:  

Get SALT Encoding   

  12  0:00  SCV  
  13  0:12  SCV  
  14  0:17  Supply Depot  
  14  0:24  SCV  
  15  0:30  Refinery  
  15  0:45  Barracks  
  15  1:00  Barracks  
  15  1:17  Barracks  
  15  1:32  Reaper, Refinery  
  16  1:47  Reaper  
  17  2:05  Reaper  
  17  2:08  Orbital Command  
Show
View Real Time Build Order
Export as new Build Order

LuVsic Terran 

Build Orders: Reaper Expand 

Get SALT Encoding   

  12  0:00  SCV  
  13  0:12  SCV  
  14  0:17  Supply Depot  
  14  0:24  SCV  
  15  0:39  SCV  
  15  0:41  Barracks  
  16  0:51  Refinery  
  16  0:52  SCV  
  17  1:09  SCV  
  18  1:14  Supply Depot  
  18  1:21  SCV  
  19  1:34  Refinery  
  19  1:36  Reaper  
  20  1:40  Orbital Command  
  20  1:59  Command Center  
  20  2:06  SCV  
  21  2:09  Barracks Tech Lab  
  21  2:18  SCV  
  21  2:21  Factory  
Tags
 
Matchup
TvT
Race
Terran
Replay Pack
kreditionep1
Spawn Locations
Cross Positions
Add a new tag
Caveats
  • Supply blocks, unpowered buildings, or Contaminate may cause inaccurate times.
  • Supply counts are checked every 10 seconds.